 Dungeon Crawl Stone Soup version 0.24-a0-176-gc3651c4 (webtiles) character file.

Game seed: 18076616025075978233

261 JimmahDean the Chopper (level 6, -6/42 HPs)
             Began as an Octopode Fighter on Mar 12, 2019.
             Was an Initiate of Gozag.
             Mangled by an ogre
             ... wielding a +0 giant club
              (18 damage)
             ... on level 4 of the Dungeon.
             The game lasted 00:15:01 (4059 turns).

JimmahDean the Chopper (Octopode Fighter)           Turns: 4059, Time: 00:15:02

Health: -6/42      AC:  1    Str: 17    XL:     6   Next: 18%
Magic:  6/6        EV: 11    Int: 10    God:    Gozag
Gold:   221        SH:  9    Dex: 12    Spells: 5/5 levels left

rFire    + . .     SeeInvis .   a - +0 war axe
rCold    . . .     Gourm    .   b - +0 shield
rNeg     . . .     Faith    .   o - +0 hat
rPois    .         Spirit   .   (no amulet)
rElec    .         Reflect  .   j - ring of protection from fire
rCorr    .         Harm     .   (no ring)
MR       .....                  (no ring)
Stlth    ++........             (no ring)
HPRegen  0.14/turn              (no ring)
MPRegen  0.10/turn              (no ring)
                                (no ring)
                                (no ring)

@: no status effects
A: almost no armour, stealthy swim, amphibious, 8 rings, constrict 8, camouflage
1, gelatinous body 1
a: Potion Petition, Call Merchant, Bribe Branch, Renounce Religion


You were on level 4 of the Dungeon.
You worshipped Gozag.
Gozag was aware of your devotion.
You were hungry.

You visited 1 branch of the dungeon, and saw 4 of its levels.

You collected 261 gold pieces.
You paid 40 gold pieces to Gozag.

Inventory:

Hand Weapons
 a - a +0 war axe (weapon)
Missiles
 h - 110 stones (quivered)
Armour
 b - a +0 shield (worn)
 o - a +0 hat (worn)
Jewellery
 j - a ring of protection from fire (left tentacle)
 p - an uncursed amulet of guardian spirit {unknown}
Wands
 q - a wand of flame (21)
Scrolls
 e - 2 scrolls of identify {unknown}
 g - a scroll of noise {unknown}
 l - 2 scrolls of enchant armour {unknown}
 n - 2 scrolls of remove curse {unknown}
 s - a scroll of amnesia {unknown}
Potions
 c - a potion of might
 f - 2 potions of heal wounds {unknown}
 i - a potion of berserk rage {unknown}
 k - 3 potions of flight {unknown}
 m - 3 potions of lignification {unknown}
 r - a potion of brilliance {unknown}
Comestibles
 d - 8 rations {@e1}


   Skills:
 - Level 3.0 Fighting
 + Level 6.3 Axes
 - Level 3.0 Dodging
 - Level 3.0 Shields


You had 5 spell levels left.
You didn't know any spells.
Your spell library was empty.

Dungeon Overview and Level Annotations

Branches:
Dungeon (4/15)
 Temple: D:4-7

Altars:
Dithmenos
Fedhas
Gozag

Annotations:
D:3 2 transporters, Foxy's ghost, amateur GnSk
D:4 Ijyb


Innate Abilities, Weirdness & Mutations

You cannot wear most types of armour.
You are very stealthy in the water. (Stealth+)
You are amphibious.
You can wear up to eight rings at the same time.
You can use your tentacles to constrict eight enemies at once.
Your skin changes colour to match your surroundings (Stealth+).
Your rubbery body absorbs attacks. (AC +1, EV +1)


Message History

The ogre shouts!
You hear a shout!
You hear a bark!
Throwing (i - inventory)
h - 111 stones (quivered)
Aim: an ogre, wielding a +0 giant club You throw a stone.
The stone hits the ogre.
Your shield prevents you from hitting the ogre.
The ogre misses you.
You hit the ogre.
The ogre hits you with a +0 giant club!!
Ouch! That really hurt!
* * * LOW HITPOINT WARNING * * *
You take 21 damage, and have 21/42 hp.
MASSIVE DAMAGE!!
The ogre hits you with a +0 giant club!
* * * LOW HITPOINT WARNING * * *
You take 13 damage, and have 9/42 hp.
MASSIVE DAMAGE!!
You are feeling hungry.
You block the ogre's attack. You block the ogre's attack.
The ogre hits you with a +0 giant club!!
You die...
Your body crumbles into a pile of gold.

#.####.........# #.#
#.##...#### #.#
#.##)....###### ##.#
#...#....#....#
...######.#.........#
.....####......#..<.#
####................#
########....#....#
#....#@...#
#....#.O..#
######....# #....#
#....# ######


You could see an ogre.

Vanquished Creatures
  An orc priest (D:4)
  An orc wizard (D:3)
  A worker ant (D:4)
  7 adders
  2 oozes (D:3)
  2 worms
  3 dart slugs
  3 leopard geckos
  5 orcs
  11 giant cockroaches
  7 goblins
  7 hobgoblins
  8 jackals
  8 kobolds
  3 quokkas
  5 bats
  2 frilled lizards
  12 rats
88 creatures vanquished.

Notes
Turn   | Place    | Note
-------+----------+-------------------------------------------
     0 | D:1      | JimmahDean the Octopode Fighter began the quest for the
                  | Orb.
     0 | D:1      | Reached XP level 1. HP: 16/16 MP: 1/1
    82 | D:1      | Reached XP level 2. HP: 21/21 MP: 2/2
   333 | D:1      | Reached skill level 3 in Axes
   563 | D:1      | Reached XP level 3. HP: 25/26 MP: 3/3
  1066 | D:2      | Reached skill level 4 in Axes
  1512 | D:2      | Reached XP level 4. HP: 31/31 MP: 4/4
  1769 | D:2      | Found a blossoming altar of Fedhas.
  2133 | D:3      | Found a shadowy altar of Dithmenos.
  2383 | D:3      | Upgraded the game from 0.24-a0-170-gd8427f5 to
                  | 0.24-a0-176-gc3651c4
  2458 | D:3      | Noticed Foxy's ghost (amateur GnSk)
  2463 | D:3      | Found a transporter.
  2475 | D:3      | Found a transporter.
  2505 | D:3      | Reached skill level 5 in Axes
  2530 | D:3      | Found an opulent altar of Gozag.
  2537 | D:3      | Reached XP level 5. HP: 36/36 MP: 5/5
  2546 | D:3      | Became a worshipper of Gozag Ym Sagoz the Greedy
  3420 | D:4      | Noticed an ogre
  3467 | D:4      | Reached skill level 6 in Axes
  3467 | D:4      | Reached XP level 6. HP: 35/42 MP: 6/6
  3578 | D:4      | Noticed an ice beast
  4000 | D:4      | Noticed Ijyb
  4059 | D:4      | Mangled by an ogre

Levels and vault maps discovered:
D:1:      dpeg_arrival_prison, layout_basic, minmay_worlds_worst_comb
D:2:      minmay_diamond_boxcup, layout_basic, overflow_temple_1_default,
          first_ration
D:3:      layout_loops_cross, grunt_dithmenos_smoke_and_mirrors,
          old_standard_altar, gammafunk_ghost_arena
D:4:      layout_rooms, grunt_ministairs_9, uniq_ijyb

Skill      XL: |  1  2  3  4  5 |
---------------+----------------+-----
Axes           | 3 4 5 6 |  6.3
Fighting       | |  3.0
Dodging        | |  3.0
Shields        | |  3.0

Action                   |  1- 3 |  4- 6 || total
-------------------------+-------+-------++-------
Melee: War axe           |    63 |    96 ||   159
       Constrict         |    23 |    24 ||    47
       Tentacles         |     7 |    21 ||    28
Throw: Stone             |    12 |    17 ||    29
 Stab: Sleeping          |     2 |     8 ||    10
  Eat: Chunk             |     2 |     4 ||     6
       Ration            |       |     1 ||     1
Armor: Skin              |     2 |     1 ||     3
Dodge: Dodged            |    20 |    31 ||    51
Block: Shield            |    13 |    37 ||    50

Table legend:
 A = Non-vault XP
 B = Vault XP
 C = Vault XP percentage of total XP
 D = Non-vault monster count
 E = Vault monster count
 F = Vault count percentage of total count
                 A         B        C        D         E       F
            +---------+---------+-------+---------+---------+-------
      Total |     312 |      62 |  16.6 |      73 |      15 |  17.0
            +---------+---------+-------+---------+---------+-------
        D:1 |      37 |      12 |  24.5 |      25 |       6 |  19.4
        D:2 |      54 |      11 |  16.9 |      14 |       7 |  33.3
        D:3 |     170 |       0 |   0.0 |      31 |       0 |   0.0
        D:4 |      51 |      39 |  43.3 |       3 |       2 |  40.0
            +---------+---------+-------+---------+---------+-------
